 Dungeon Crawl Stone Soup version 0.27.1-34-g3ba077fa99 (webtiles) character file.

Game seed: 11582106637474749244

1540 Cykl0x the Slasher (level 8, -3/48 HPs)
             Began as a Gargoyle Gladiator on Jan 7, 2022.
             Was a Follower of the Shining One.
             Slain by an ogre (18 damage)
             ... on level 5 of the Dungeon.
             The game lasted 00:12:32 (6053 turns).

Cykl0x the Slasher (Gargoyle Gladiator)             Turns: 6053, Time: 00:12:32

Health: -3/48      AC: 13    Str: 20    XL:     8   Next: 86%
Magic:  12/12      EV: 11    Int:  9    God:    the Shining One [*.....]
Gold:   240        SH:  5    Dex: 11    Spells: 13/13 levels left

rFire    . . .     SeeInvis .   a - +0 long sword
rCold    . . .     Faith    .   (no shield)
rNeg     + . .     Spirit   .   k - +0 scale mail
rPois    ∞         Reflect  +   c - +0 helmet
rElec    +         Harm     .   (no cloak)
rCorr    +         Rampage  .   (no gloves)
Will     .....                  (no boots)
Stlth    ..........             p - amulet of reflection
HPRegen  0.16/turn              q - ring of resist corrosion
MPRegen  0.13/turn              (no ring)

@: about to teleport, glowing
A: sickness immunity, AC +5, negative energy resistance 1, electricity
resistance, torment resistance 1, petrification resistance
a: Renounce Religion


You were on level 5 of the Dungeon.
You worshipped the Shining One.
The Shining One was aware of your devotion.
You visited 1 branch of the dungeon, and saw 6 of its levels.

You collected 240 gold pieces.

Inventory:

Hand Weapons
 a - a +0 long sword (weapon)
Missiles
 d - 5 throwing nets
 e - 146 stones
 s - 5 boomerangs (quivered)
Armour
 b - a +0 leather armour
 c - a +0 helmet (worn)
 g - a +0 plate armour of willpower
 h - a +0 chain mail
 j - a +0 ring mail
 k - a +0 scale mail (worn)
Jewellery
 p - an amulet of reflection (around neck)
 q - a ring of resist corrosion (left hand)
 t - an amulet of the acrobat
Wands
 l - a wand of acid (3)
 o - a wand of polymorph (6)
Scrolls
 f - 5 scrolls of identify
 m - 2 scrolls of teleportation
 n - a scroll of fog
 r - a scroll of enchant weapon {unknown}
Potions
 i - 2 potions of resistance


   Skills:
 + Level 3.8 Fighting
 + Level 5.6 Long Blades
 + Level 2.6 Throwing
 + Level 3.5 Armour
 * Level 3.7 Dodging
 + Level 1.0 Shields
 * Level 3.3 Spellcasting
 * Level 4.3 Conjurations
 * Level 3.5 Invocations
 + Level 0.3 Evocations


You had 13 spell levels left.
You didn't know any spells.
Your spell library contained the following spells:

 Spells                   Type           Power      Damage    Failure   Level
 Passwall                 Tmut/Erth      0%         N/A       77%         2
 Swiftness                Air            1%         N/A       94%         3
 Invisibility             Hex            0%         N/A       100%        6


Dungeon Overview and Level Annotations

Branches:
Dungeon (6/15)
 Temple: D:4-7

Altars:
The Shining One

Shops:
D:1 [(


Innate Abilities, Weirdness & Mutations

You are immune to sickness and miasma.
Your stone body is resilient. (AC +5)
You are immune to poison.
You resist negative energy. (rN+)
You are resistant to electric shocks. (rElec)
You are resistant to unholy torment.
You are immune to petrification.


Message History

The jelly jiggles.
The jelly hits you but does no damage.
You slash the jelly!
Your hands burn!
The jelly is severely wounded.
The jelly hits you but does no damage.
You slash the jelly!
You kill the jelly!
No target in view!
No target in view!
No target in view!
No target in view!
No target in view!
No target in view!
No target in view!
No target in view!
No target in view!
No target in view!
You climb downwards.
An ogre comes into view. It is wielding a +0 giant club.
A gnoll shaman comes into view. It is wielding a +0 whip.
An orc wizard comes into view. It is wielding a +0 dagger.
There is a stone staircase leading up here.
You throw a boomerang. The boomerang barely misses the ogre.
The ogre shouts!
The boomerang hits the gnoll but does no damage.
You hear a shout!
You throw a boomerang. The boomerang hits the ogre!
The ogre is moderately wounded.
The ogre hits you with a +0 giant club!!
Ouch! That really hurt!
The orc wizard points at you and mumbles some strange words.
The puff of flame misses you.
You climb upwards.
There is a stone staircase leading down here.
You are too injured to fight recklessly!
Okay, then.
As you read the scroll of teleportation, it crumbles to dust.
You feel strangely unstable.
The ogre hits you with a +0 giant club!!
You die...

.## #.# #.....# # ..## #.#
###.### # .#)## #.# #########.# #
###)#######.# ####.........# #
.#...)...##.# #............# #
#.####...##.# #>##.#######.# #
######...##.# #.##.# #.# #
#.........####O##.### #.# #
#.............@.....#####.# #
###.......................#.#####
.........###.#....)..............
#.####...# #.#.#.####.###.#.#####
..# #...###.#.#.# #.# #.#.# # ###
##......#.#.####.###.#.# #
###..#####.#.........#..# # #
#....#####.######.#.###.# # #
#.#........# #.#..#.## #


You could see an ogre.

Vanquished Creatures
  Pikel (D:6)
  A sky beast (D:5)
  2 ogres
  A lemure (D:6)
  Blork the orc (D:4)
  A gnoll sergeant (D:6)
  2 scorpions (D:5)
  2 water moccasin zombies
  A howler monkey (D:5)
  A bullfrog zombie (D:5)
  A jelly (D:5)
  An orc priest (D:4)
  An iguana (D:4)
  5 orc wizards
  3 gnolls (D:6)
  6 adders
  An adder skeleton (D:3)
  3 worms
  3 dart slugs
  24 orcs
  9 ball pythons
  9 bats
  8 endoplasms
  A giant cockroach (D:1)
  7 goblins
  8 hobgoblins
  6 jackals
  3 quokkas
  A frilled lizard (D:3)
  2 kobolds
  A quokka skeleton (D:2)
  5 rats
121 creatures vanquished.

Vanquished Creatures (others)
  5 plants
5 creatures vanquished.

Grand Total: 126 creatures vanquished

Notes
Turn   | Place    | Note
-------+----------+-------------------------------------------
     0 | D:1      | Cykl0x the Gargoyle Gladiator began the quest for the Orb.
     0 | D:1      | Reached XP level 1. HP: 12/12 MP: 1/1
   108 | D:1      | Found a faded altar of an unknown god.
   233 | D:1      | Found Fekaahil's Antique Weapon Emporium.
   293 | D:1      | Reached XP level 2. HP: 17/17 MP: 2/2
   325 | D:1      | Found Buitimin's Antique Armour Shop.
   393 | D:1      | Reached skill level 3 in Long Blades
   813 | D:1      | Reached XP level 3. HP: 22/22 MP: 3/3
  1651 | D:2      | Reached skill level 1 in Spellcasting
  1666 | D:2      | Reached XP level 4. HP: 27/27 MP: 5/5
  1693 | D:2      | Found a glowing golden altar of the Shining One.
  1703 | D:2      | Became a worshipper of the Shining One
  2590 | D:3      | Reached skill level 1 in Armour
  3242 | D:3      | Reached XP level 5. HP: 31/31 MP: 5/7
  3257 | D:3      | Reached skill level 1 in Invocations
  3720 | D:4      | Reached skill level 1 in Conjurations
  3879 | D:4      | Noticed Blork the orc
  3883 | D:4      | Killed Blork the orc
  3884 | D:4      | Reached XP level 6. HP: 36/36 MP: 8/8
  3930 | D:4      | Reached skill level 4 in Long Blades
  4062 | D:4      | Reached XP level 7. HP: 36/41 MP: 10/10
  4236 | D:4      | Reached * piety under the Shining One
  4485 | D:5      | Entered Level 5 of the Dungeon
  5114 | D:5      | Reached skill level 5 in Long Blades
  5114 | D:5      | Reached XP level 8. HP: 45/46 MP: 11/11
  5128 | D:5      | Identified the +6 executioner's axe of Subjectivity {drain,
                  | Will- rCorr Str+3}
  5992 | D:6      | Noticed Pikel
  6003 | D:6      | Killed Pikel
  6004 | D:6      | Reached skill level 1 in Shields
  6053 | D:5      | Slain by an ogre

Illustrated notes

Levels and vault maps discovered:
D:1:      elethiomel_arrival_maze, layout_loops_ring, serial_shops, shop_statue,
          nicolae_shop_behind_doors, basic_ecumenical_altar
D:2:      layout_loops_ring, basic_altar, guppyfry_early_lair_pool
D:3:      layout_loops_corners, serial_forest, infiniplex_forest_lined_corner,
          infiniplex_forest_lined_corner, infiniplex_forest_diagonal,
          infiniplex_forest_clump_cross, infiniplex_forest_straight_5,
          infiniplex_forest_clump_curved, infiniplex_forest_side_room,
          chequers_serial_rivers_room_b
D:4:      minmay_wonky_spiral, layout_gridville, minmay_misc_feat_more_columns,
          uniq_blork_the_orc
D:5:      layout_loops_ring, minmay_small_thing
D:6:      old_forge, layout_cave_pools, uniq_pikel

Skill      XL: |  1  2  3  4  5  6  7  8 |
---------------+-------------------------+-----
Long Blades    | 3 4 5 |  5.6
Throwing       | 2 |  2.6
Spellcasting   | 1 2 3 |  3.3
Armour         | 1 2 3 |  3.5
Invocations    | 1 2 3 |  3.5
Conjurations   | 2 3 4 |  4.3
Dodging        | 3 |  3.7
Fighting       | 3 |  3.8
Shields        | 1 |  1.0
Evocations     | |  0.3

Action                   |  1- 3 |  4- 6 |  7- 9 || total
-------------------------+-------+-------+-------++-------
Melee: Long sword        |    85 |   157 |   142 ||   384
       Unarmed           |       |     1 |       ||     1
Throw: Stone             |    28 |    41 |    19 ||    88
       Boomerang         |       |       |    14 ||    14
Evoke: Wand              |       |     4 |     2 ||     6
  Use: Scroll            |     1 |     4 |     4 ||     9
       Potion            |       |     1 |       ||     1
Armor: Leather armour    |    31 |       |       ||    31
       Chain mail        |     2 |       |       ||     2
       Ring mail         |    28 |       |       ||    28
       Scale mail        |       |    85 |    58 ||   143
Dodge: Dodged            |    79 |    88 |    72 ||   239
Block: Other             |       |       |    26 ||    26
       Reflection        |       |       |     2 ||     2
       Rpst.: Long sword |    26 |    27 |    21 ||    74
